 Dungeon Crawl Stone Soup version 0.18-a0-316-gf882de5 (webtiles) character file.

103 Raultor the Changer (level 4, -1/28 HPs)
             Began as an Octopode Transmuter on Nov 27, 2015.
             Slain by Grinder (6 damage)
             ... on level 3 of the Dungeon.
             The game lasted 00:04:40 (2386 turns).

Raultor the Changer (Octopode Transmuter)           Turns: 2386, Time: 00:04:40

Health: -1/28      AC:  2    Str:  9    XL:     4   Next: 79%
Magic:  3/7        EV: 20    Int: 18    God:
Gold:   171        SH:  0    Dex: 18    Spells: 2 memorised, 3 levels left

rFire  . . .     SeeInvis .       - Unarmed
rCold  . . .     Clarity  .     (shield currently unavailable)
rNeg   . . .     SustAt   .     (helmet currently unavailable)
rPois  x         Gourm    +     r - amulet of the gourmand
rElec  .         Spirit   .     j - +3 ring of intelligence
rCorr  .         Warding  .     m - ring of loudness (curse)
rMut   .         Stasis   .     (no ring)
MR     .....                    (no ring)
Stlth  +.........               (no ring)
                                (no ring)
                                (no ring)
                                (no ring)

@: spider-form, not resistant to hostile enchantments, very unstealthy
A: almost no armour, amphibious, 8 rings, (constrict 8), (camouflage 0),
(gelatinous body 0)
a: End Transformation


You were on level 3 of the Dungeon.
You were completely stuffed.
You were a venomous arachnid creature.
You visited 1 branch of the dungeon, and saw 3 of its levels.

You collected 171 gold pieces.

Inventory:

Missiles
 a - 23 arrows
Jewellery
 j - a +3 ring of intelligence (left front leg)
 m - a cursed ring of loudness (right front leg)
 r - an amulet of the gourmand (around neck)
Scrolls
 d - 4 scrolls of identify {unknown}
 g - 2 scrolls of recharging {unknown}
 i - a scroll of enchant weapon {unknown}
 k - a scroll of teleportation {unknown}
 l - 2 scrolls of remove curse {unknown}
 n - a scroll of amnesia {unknown}
 q - a scroll of noise {unknown}
 s - a scroll of fog {unknown}
 t - a scroll of enchant armour {unknown}
Potions
 e - a potion of lignification {unknown}
 h - 2 potions of curing {unknown}
 u - 2 potions of resistance {unknown}
 v - a potion of flight {unknown}
Books
 b - a book of Changes

   Spells                             Type                      Level
   a - Beastly Appendage              Transmutation                1
   b - Sticks to Snakes               Transmutation                2
   c - Spider Form                    Transmutation/Poison         3
   d - Ice Form                       Ice/Transmutation            4
   e - Blade Hands                    Transmutation                5
Comestibles
 c - 3 bread rations
 f - a meat ration
 o - 5 fruits
 p - 2 beef jerkies
 w - a chunk of flesh


   Skills:
 - Level 1.0 Fighting
 - Level 2.0 Dodging
 - Level 3.0 Unarmed Combat
 - Level 2.0 Spellcasting
 + Level 4.8 Transmutations


You had 3 spell levels left.
You knew the following spells:

 Your Spells              Type           Power        Failure   Level  Hunger
a - Beastly Appendage     Trmt           ###...       10%         1    #......
b - Spider Form           Trmt/Pois      ##........   45%         3    ###....


Dungeon Overview and Level Annotations

Branches:
Dungeon (3/15)

Altars:
Gozag
Zin

Annotations:
D:3 Grinder


Innate Abilities, Weirdness & Mutations

You cannot wear most types of armour.
You are amphibious.
You can wear up to eight rings at the same time.
((You can use your tentacles to constrict eight enemies at once.))
((Your skin changes colour to match your surroundings (Stealth).))
((Your rubbery body absorbs attacks (AC +1).))


Message History

Grinder hits you but does no damage.
You can move again.
Casting: Spider Form
Confirm with . or Enter, or press ? or * to list all spells.
You turn into a venomous arachnid creature.
Grinder completely misses you.
You hit Grinder but do no damage.
Grinder is lightly wounded.
Grinder closely misses you.
You bite Grinder!
Grinder is moderately wounded.
Grinder hits you.
* * * LOW HITPOINT WARNING * * *
You writhe in agony. x2
You hit Grinder.
Grinder is heavily wounded.
Grinder hits you.
* * * LOW HITPOINT WARNING * * *
You writhe in agony.
You die...

..... #.# .....
#.# ..... #)#
..... #.# ...#.
#.# ..## #.# ...
#.# ...
###############.#
.#
#......[.s5.....#
#.###############
###.# . #...#
...###...#
_5...5...#
..#...##.#
#...##.#
.....##.#


You could see Grinder.

Vanquished Creatures
  5 adders
  An ooze (D:2)
  3 worms
  2 giant geckos
  2 ball pythons
  2 giant cockroaches (D:2)
  3 goblins
  7 hobgoblins
  4 kobolds
  2 quokkas
  9 bats
  3 giant newts
  3 jackals (D:1)
  6 rats
52 creatures vanquished.

Notes
Turn   | Place    | Note
--------------------------------------------------------------
     0 | D:1      | Raultor the Octopode Transmuter began the quest for the Orb.
     0 | D:1      | Reached XP level 1. HP: 13/13 MP: 3/3
   103 | D:1      | Reached XP level 2. HP: 11/18 MP: 5/5
   940 | D:2      | Reached XP level 3. HP: 23/23 MP: 6/6
   945 | D:2      | Learned a level 3 spell: Spider Form
   991 | D:2      | Found an opulent altar of Gozag.
  1125 | D:2      | Found a glowing silver altar of Zin.
  1545 | D:2      | Reached skill level 4 in Transmutations
  1904 | D:3      | Reached XP level 4. HP: 23/28 MP: 3/7
  2357 | D:3      | Found an opulent altar of Gozag.
  2358 | D:3      | Noticed Grinder
  2376 | D:3      | Paralysed by Grinder for 7 turns
  2386 | D:3      | Slain by Grinder

Vault maps used:
D:1:      ncdulo_lavacross, roderic_three_in_a_row, nrook_uturn,
          minmay_misc_feat_pillars
D:2:      marbit_many_paths, nicolae_gozag_seed_capital
D:3:      mumra_celtic_spiral_tile, nicolae_overflow_crystal_walls, first_bread,
          uniq_grinder

Action                   |  1- 3 |  4- 6 || total
-------------------------+-------+-------++-------
Melee: Unarmed           |   108 |    32 ||   140
 Cast: Spider Form       |       |     4 ||     4
 Stab: Sleeping          |     2 |     1 ||     3
  Eat: Chunk             |     8 |     7 ||    15
